 Dungeon Crawl Stone Soup version 0.20.1-1-g8b1a95d (webtiles) character file.

155 Melbolja the Shield-Bearer (level 5, -10/46 HPs)
             Began as a Hill Orc Fighter on Oct 8, 2017.
             Was an Initiate of Beogh.
             Mangled by an orc warrior
             ... wielding a +0 short sword
              (13 damage)
             ... on level 3 of the Dungeon.
             The game lasted 00:13:48 (2162 turns).

Melbolja the Shield-Bearer (Hill Orc Fighter)       Turns: 2162, Time: 00:13:49

Health: -10/46     AC:  8    Str: 25    XL:     5   Next: 37%
Magic:  5/5        EV:  8    Int:  8    God:    Beogh [......]
Gold:   162        SH: 10    Dex: 10    Spells: 4/4 levels left

rFire    . . .     SeeInvis .   a - +0 flail
rCold    . . .     Gourm    .   c - +0 shield
rNeg     . . .     Faith    .   b - +0 scale mail
rPois    .         Spirit   .   u - +0 helmet
rElec    .         Reflect  .   (no cloak)
rCorr    .         Harm     .   (no gloves)
MR       .....                  (no boots)
Stlth    ..........             (no amulet)
Regen    0.2/turn               (no ring)
MPRegen  0.1/turn               (no ring)

@: mighty
A: no striking features
a: Renounce Religion


You were on level 3 of the Dungeon.
You worshipped Beogh.
Beogh was noncommittal.
You were not hungry.

You visited 1 branch of the dungeon, and saw 3 of its levels.

You collected 162 gold pieces.

Inventory:

Hand Weapons
 a - a +0 flail (weapon)
Missiles
 j - 88 stones (quivered)
 l - 29 sling bullets
 w - 3 tomahawks
Armour
 b - a +0 scale mail (worn)
 c - a +0 shield (worn)
 u - a +0 helmet (worn)
Scrolls
 g - a scroll of fear {unknown}
 i - 3 scrolls of recharging {unknown}
 m - 2 scrolls of teleportation {unknown}
 r - 2 scrolls of remove curse {unknown}
 t - a scroll of identify {unknown}
 x - a scroll of amnesia {unknown}
Potions
 d - 3 potions of might
 e - 2 potions of heal wounds {unknown}
 k - a potion of resistance {unknown}
 p - a potion of mutation {unknown}
 q - 2 potions of curing {unknown}
 s - a potion of brilliance {unknown}
Comestibles
 f - 4 bread rations
 h - a meat ration
 n - 3 royal jellies
 o - 8 fruits
 v - 4 chunks of flesh


   Skills:
 + Level 4.2 Fighting
 + Level 3.4 Maces & Flails
 + Level 4.2 Armour
 + Level 1.1 Dodging
 + Level 4.2 Shields


You had 4 spell levels left.
You didn't know any spells.

Dungeon Overview and Level Annotations

Branches:
Dungeon (3/15)

Altars:
Elyvilon
Gozag
Okawaru
Qazlal
Xom


Message History

You block the orc warrior's attack.
Things that are here:
a leather armour; an orc corpse You barely miss the orc warrior.
The orc warrior hits you with a short sword!
You barely miss the orc warrior.
The orc warrior hits you but does no damage.
You hit the orc warrior.
The orc warrior is moderately wounded.
The orc warrior hits you with a short sword! x2
* * * LOW HITPOINT WARNING * * *
Some of the chunks of flesh in your inventory have rotted away.
You feel very mighty all of a sudden.
The orc warrior hits you with a short sword.
* * * LOW HITPOINT WARNING * * *
You hit the orc warrior.
The orc warrior is moderately wounded.
The orc warrior hits you with a short sword!
You die...
Beogh appreciates the orc warrior's killing of a heretic priest.

8.......8####.....#.#.
_.._.._ #<.......#.#.
..... #..#.#####.##
#...# ##.#.....#.##
#...# #.#.###.#...
#...# #.#.# #.###.
#8r8#####.#.###.#.#.
##o##.......#.#...#.
#.@..#######.###.#.
###### #[###.##
#.....# #######


You could see an orc warrior and a rat.

Vanquished Creatures
  An orc wizard (D:3)
  3 gnolls (D:2)
  2 adders
  A worm (D:2)
  3 leopard geckos
  5 orcs (D:3)
  A ball python (D:3)
  2 giant cockroaches
  12 goblins
  7 hobgoblins
  2 jackals (D:3)
  A quokka (D:2)
  8 bats
  3 frilled lizards
  11 kobolds
  7 rats
69 creatures vanquished.

Vanquished Creatures (others)
  An orc priest (D:3)
  An orc wizard (D:3)
  2 orcs (D:3)
  A bat (D:3)
5 creatures vanquished.

Grand Total: 74 creatures vanquished

Notes
Turn   | Place    | Note
-------+----------+-------------------------------------------
     0 | D:1      | Melbolja the Hill Orc Fighter began the quest for the Orb.
     0 | D:1      | Reached XP level 1. HP: 19/19 MP: 1/1
   148 | D:1      | Reached XP level 2. HP: 26/27 MP: 2/2
   799 | D:2      | Reached XP level 3. HP: 32/33 MP: 3/3
  1243 | D:2      | Reached XP level 4. HP: 28/40 MP: 4/4
  1720 | D:3      | Became a worshipper of Beogh the Brigand
  1887 | D:3      | Reached skill level 1 in Dodging
  1921 | D:3      | Reached XP level 5. HP: 24/46 MP: 5/5
  2036 | D:3      | Found an opulent altar of Gozag.
  2036 | D:3      | Found an iron altar of Okawaru.
  2143 | D:3      | Found a shimmering altar of Xom.
  2145 | D:3      | Found a stormy altar of Qazlal.
  2145 | D:3      | Found a white marble altar of Elyvilon.
  2146 | D:3      | Noticed an orc warrior
  2162 | D:3      | Mangled by an orc warrior

Skill      XL: |  1  2  3  4 |
---------------+-------------+-----
Fighting       | 4 |  4.2
Maces & Flails | 3 |  3.4
Armour         | 4 |  4.2
Shields        | 4 |  4.2
Dodging        | 1 |  1.1

Action                   |  1- 3 |  4- 6 || total
-------------------------+-------+-------++-------
Melee: Flail             |   155 |   101 ||   256
Invok: Convert to Beogh  |       |     1 ||     1
  Use: Potion            |       |     1 ||     1
  Eat: Chunk             |     1 |     4 ||     5
Armor: Scale mail        |    68 |    60 ||   128
Dodge: Dodged            |    49 |    43 ||    92
Block: Shield            |    85 |    73 ||   158
